 Dungeon Crawl Stone Soup version 0.32-a0-711-g016ad74 (webtiles) character file.

Game seed: 10905462361909789190

125 PidgeyThePirate the Shooter (level 5, -5/37 (38) HPs)
             Began as a Coglin Hunter on Mar 15, 2024.
             Slain by Crazy Yiuf
             ... wielding a +3 quarterstaff of chaos
              (15 damage)
             ... on level 2 of the Dungeon.
             The game lasted 00:03:08 (1691 turns).

PidgeyThePirate the Shooter (Coglin Hunter)         Turns: 1691, Time: 00:03:09

HP:   -5/37 (38)    AC:  3    Str: 14    XL:     5   Next: 9%
MP:   5/5           EV: 11    Int:  8    God:
Gold: 51            SH:  0    Dex: 17    Spells: 4/4 levels left

rFire   . . .        a - +2 sling {Tamara}
rCold   . . .        d - +0 sling {Zimri-Dagan}
rNeg    . . .        c - +0 leather armour
rPois   .            (no helmet)
rElec   .            (no cloak)
rCorr   .            (no gloves)
SInv    .            (no boots)
Will    .....        (amulet unavailable)
Stlth   ++           (ring unavailable)
HPRegen 0.26/turn    (ring unavailable)
MPRegen 0.09/turn    (no gizmo)

%: no passive effects
@: lightly drained, revved
A: off-hand wielding, slow wielding, warmup strikes, no jewellery
a: Invent Gizmo


You were on level 2 of the Dungeon.
You visited 1 branch of the dungeon, and saw 2 of its levels.

You collected 51 gold pieces.

Inventory:

Hand Weapons
 a - a +2 sling (weapon) {Tamara}
 d - a +0 sling (offhand) {Zimri-Dagan}
Armour
 c - a +0 leather armour (worn)
Scrolls
 b - a scroll of butterflies
Potions
 e - a potion of might {unknown}


   Skills:
 + Level 2.2 Fighting
 + Level 5.3 Ranged Weapons
 + Level 1.0 Armour
 + Level 1.8 Dodging
 + Level 0.7 Stealth


You had 4 spell levels left.
You didn't know any spells.
Your spell library was empty.

Dungeon Overview and Level Annotations

Branches:
Dungeon (2/15)

Altars:

Annotations:
D:2 Crazy Yiuf


Innate Abilities, Weirdness & Mutations

You can wield a second weapon in your off-hand.
It takes a long time for you to wield or remove held weapons.
Your first few attacks do less damage.
You cannot equip rings or amulets.


Message History

You shoot a sling bullet. The sling bullet hits Crazy Yiuf.
Crazy Yiuf is moderately wounded.
You shoot a sling bullet. The sling bullet hits Crazy Yiuf.
Crazy Yiuf is moderately wounded.
Crazy Yiuf zaps a wand.
The puff of flame hits you!
You are too injured to fight recklessly!
Unknown command.
You are too injured to fight recklessly!
Unknown command.
You are too injured to fight recklessly!
Unknown command.
You are too injured to fight recklessly!
Unknown command.
You are too injured to fight recklessly!
Unknown command.
You are too injured to fight recklessly!
Unknown command.
You are too injured to fight recklessly!
You are too injured to fight recklessly!
Unknown command.
Fire: a) +2 sling {Tamara}
Press: ? - help, Q - select action Shift-Dir - straight line, f/p - Crazy Yiuf
Aim: Crazy Yiuf, wielding a +3 quarterstaff of chaos, wearing a +2 cloak and carrying a wand of flame (moderately wounded, 66% to hit)
You shoot a sling bullet.
The sling bullet closely misses Crazy Yiuf.
You shoot a sling bullet.
The sling bullet hits Crazy Yiuf but does no damage.
Crazy Yiuf is moderately wounded.
Crazy Yiuf zaps a wand.
The puff of flame hits you!
* * * LOW HITPOINT WARNING * * *
Fire: a) +2 sling {Tamara}
Press: ? - help, Q - select action Shift-Dir - straight line, f/p - Crazy Yiuf
Aim: Crazy Yiuf, wielding a +3 quarterstaff of chaos, wearing a +2 cloak and carrying a wand of flame (moderately wounded, 66% to hit)
You shoot a sling bullet.
The sling bullet closely misses Crazy Yiuf.
You shoot a sling bullet.
The sling bullet hits Crazy Yiuf but does no damage.
Crazy Yiuf is moderately wounded.
Crazy Yiuf hits you with a +3 quarterstaff of chaos!
You die...

#.#...## #..#
#....## #.##
##...## #.#
#....# ##.#
....## #..#
.##.## #.##
###..# #.#
.....#
##.######
####.#
###...@g..##
#.#
#...#####..#
####.######.###
##.##
........##..#
#..#
.....########
##.# .....#
#.## .....#
#..# .....# ###
♣♣###.# .....#
#)..#♣♣
♣♣..#..#


You could see Crazy Yiuf.

Vanquished Creatures
  Natasha (thrice) (D:2)
  2 adders (D:2)
  3 dart slugs (D:1)
  6 ball pythons
  6 endoplasms
  A giant cockroach (D:1)
  A hobgoblin (D:1)
  3 bats
  A goblin (D:1)
  4 kobolds
  A rat (D:2)
31 creatures vanquished.

Notes
Turn   | Place    | Note
-------+----------+-------------------------------------------
     0 | D:1      | PidgeyThePirate the Coglin Hunter began the quest for the
                  | Orb.
     0 | D:1      | Reached XP level 1. HP: 16/16 MP: 1/1
   130 | D:1      | Reached XP level 2. HP: 22/22 MP: 2/2
   172 | D:1      | Reached skill level 4 in Ranged Weapons
   638 | D:1      | Reached XP level 3. HP: 27/27 MP: 3/3
   832 | D:2      | Noticed Natasha
   838 | D:2      | Killed Natasha
   839 | D:2      | Reached skill level 1 in Armour
   850 | D:2      | Noticed Natasha
   857 | D:2      | Killed Natasha
   858 | D:2      | Reached XP level 4. HP: 25/33 MP: 4/4
  1006 | D:2      | Noticed Natasha
  1011 | D:2      | Killed Natasha
  1012 | D:2      | Reached skill level 5 in Ranged Weapons
  1339 | D:2      | Found a runed translucent door.
  1340 | D:2      | Noticed Crazy Yiuf
  1394 | D:2      | Reached XP level 5. HP: 38/38 MP: 5/5
  1691 | D:2      | Slain by Crazy Yiuf

Illustrated notes

Levels and vault maps discovered:
D:1:      evilmike_arrival_rings, layout_basic
D:2:      layout_rooms, serial_corexii_hall, corexii_hall_statues_s,
          corexii_hall_statues_i, corexii_hall_statues_l, nrook_loot_triangle,
          eino_curves_02, uniq_crazy_yiuf_cottage, uniq_natasha

Skill      XL: |  1  2  3  4 |
---------------+-------------+-----
Ranged Weapons | 4 5 |  5.3
Armour         | 1 |  1.0
Fighting       | |  2.2
Dodging        | |  1.8
Stealth        | |  0.7

Action                     |  1- 3 |  4- 6 || total
---------------------------+-------+-------++-------
   Fire: Sling             |   100 |    82 ||   182
    Use: Scroll            |       |     4 ||     4
 Armour: Leather armour    |     4 |    14 ||    18
  Dodge: Dodged            |     5 |     6 ||    11

Table legend: (Time is in decaauts)
 A = Elapsed time spent in this place.
 B = Non-inter-level travel time spent in this place.
 C = Inter-level travel time spent in this place.
 D = Time resting spent in this place.
 E = Time spent auto-exploring this place.
 F = Levels seen in this place.
 G = Mean time per level.
                   A        B        C        D        E       F      G
               +--------+--------+--------+--------+--------+-----+--------+
         Total |   1718 |   1655 |     63 |      0 |   1467 |   2 |  859.0 |
       Dungeon |   1718 |   1655 |     63 |      0 |   1467 |   2 |  859.0 |
               +--------+--------+--------+--------+--------+-----+--------+

Top non-repeatable levels by time:
     D:2: 888 daAuts
     D:1: 830 daAuts
